 Dungeon Crawl Stone Soup version 0.30.1-11-g7821555f0a (webtiles) character file.

Game seed: 9798389564996852168

3777 dialectric the Cleaver (level 9, 0/82 HPs)
             Began as a Minotaur Wanderer on Dec 27, 2023.
             Was a High Priest of Ignis.
             Slain by an eidolon (3 damage)
             ... on level 3 of the Abyss.
             The game lasted 00:13:30 (7161 turns).

dialectric the Cleaver (Minotaur Wanderer)          Turns: 7161, Time: 00:13:30

Health: 0/82       AC: 11    Str: 18      XL:     9   Next: 95%
Magic:  8/8        EV: 25    Int:  5      God:    Ignis [*****.]
Gold:   435        SH:  0    Dex: 13 (14) Spells: 8/8 levels left

rFire   + . .        O - +8 mace (protect)
rCold   + . .        (no shield)
rNeg    . . .        w - +1 leather armour of Peek-a-Boo {rC+ rCorr Int-3 Stlth+}
rPois   .            (helmet restricted)
rElec   .            (no cloak)
rCorr   +            (no gloves)
SInv    .            (no boots)
Will    .....        (no amulet)
Stlth   ++           v - +5 ring of evasion
HPRegen 0.33/turn    e - +5 ring of evasion
MPRegen 0.11/turn

%: no passive effects
@: afraid, under a protective aura, attractive, slowed, very slow
A: horns 2, retaliatory headbutt
a: Renounce Religion, Fiery Armour, Foxfire Swarm, Rising Flame


You were on level 3 of the Abyss.
You worshipped Ignis.
Ignis was extremely pleased with you.
You visited 1 branch of the dungeon, and saw 9 of its levels.
You visited the Abyss 1 time.

You collected 435 gold pieces.

Inventory:

Hand Weapons
 a - a +2 hand axe
 h - a +2 mace of holy wrath
 D - a +2 whip of draining
 H - a +0 morningstar
 O - a +8 mace of protection (weapon)
Missiles
 g - 3 poisoned darts (quivered)
 A - 3 throwing nets
Armour
 c - a +0 buckler
 p - a +0 scale mail
 w - the +1 leather armour of Peek-a-Boo (worn) {rC+ rCorr Int-3 Stlth+}
   (You found it on level 4 of the Dungeon)

   Int:       It affects your intelligence (-3).
   rC:        It protects you from cold.
   rCorr:     It protects you from acid and corrosion.
   Stlth:     It makes you more stealthy.
 I - the +1 robe of a Billion Gods {Slay+2}
   (You found it on level 6 of the Dungeon)

   Slay:      It affects your accuracy & damage with ranged weapons and melee
   (+2).
Jewellery
 b - a +6 ring of strength
 e - a +5 ring of evasion (right hand)
 v - a +5 ring of evasion (left hand)
 K - a ring of flight
Wands
 B - a wand of mindburst (28)
 F - a wand of paralysis (9)
 G - a wand of quicksilver (11)
 L - a wand of iceblast (4)
 N - a wand of flame (39)
Scrolls
 f - 4 scrolls of magic mapping {unknown}
 j - 2 scrolls of immolation {unknown}
 n - 6 scrolls of identify
 t - a scroll of noise
 x - a scroll of enchant armour {unknown}
 y - a scroll of blinking {unknown}
 J - 2 scrolls of poison {unknown}
Potions
 d - a potion of curing
 i - 2 potions of berserk rage {unknown}
 l - 2 potions of lignification {unknown}
 m - a potion of brilliance
 o - 2 potions of resistance {unknown}
 q - a potion of heal wounds {unknown}
 u - 2 potions of haste {unknown}
 z - a potion of degeneration {unknown}
 C - 2 potions of attraction
 E - 2 potions of flight {unknown}
 M - a potion of magic {unknown}


   Skills:
 * Level 8.3 Fighting
 + Level 2.4 Short Blades
 + Level 9.2 Axes
 * Level 7.3 Armour
 * Level 8.9 Dodging
 - Level 1.0 Stealth
 - Level 2.6 Shields
 + Level 1.0 Evocations


You had 8 spell levels left.
You didn't know any spells.
Your spell library contained the following spells:

 Spells                   Type           Power      Damage    Failure   Level
 Slow                     Hex            0%         N/A       52%         1
 Sting                    Tmut/Pois      0%         1d3       52%         1
 Ensorcelled Hibernation  Hex/Ice        0%         N/A       67%         2
 Passwall                 Tmut/Erth      0%         N/A       67%         2
 Poisonous Vapours        Pois/Air       0%         N/A       67%         2
 Confusing Touch          Hex            0%         N/A       88%         3
 Gell's Gravitas          Tloc           0%         N/A       88%         3
 Swiftness                Air            0%         N/A       88%         3
 Teleport Other           Tloc           0%         N/A       88%         3
 Vampiric Draining        Necr           0%         2d6       88%         3
 Leda's Liquefaction      Hex/Erth       0%         N/A       99%         4
 Olgreb's Toxic Radiance  Pois           0%         N/A       99%         4
 Fireball                 Conj/Fire      0%         3d3       100%        5
 Iskenderun's Battlesphe  Conj           0%         2d6       100%        5
 Lee's Rapid Deconstruct  Erth           0%         3d4*      100%        5
 Conjure Ball Lightning   Conj/Air       0%         3x3d6     100%        6
 Dispersal                Tloc           0%         N/A       100%        6
 Statue Form              Tmut/Erth      0%         N/A       100%        6
 Orb of Destruction       Conj           0%         9d5       100%        7


Dungeon Overview and Level Annotations

Branches:
Dungeon (9/15)             Temple (0/1) D:5
   Lair: D:8-11         Orc: D:9-12

Altars:
Dithmenos
Hepliaklqana
Ignis

Shops:
D:4 (   D:6 =

Annotations:
D:3 3 runed translucent doors, TheBioAlchemist's ghost, amateur GnHs
D:4 Edmund
D:8 1 transporter, Joseph
D:9 Erolcha


Innate Abilities, Weirdness & Mutations

You have a pair of horns on your head.
You reflexively headbutt those who attack you in melee.


Message History

You sock the eidolon!
The eidolon is lightly damaged.
The eidolon hits you! The eidolon drains your vigour!
You feel yourself slow down. The eidolon completely misses you.
You hit the eidolon but do no damage.
The eidolon is lightly damaged.
The eidolon closely misses you. The eidolon completely misses you.
You hit the eidolon.
The eidolon is lightly damaged.
The eidolon barely misses you. The eidolon hits you!
The eidolon completely misses you.
The eidolon hits you but does no damage.
You hit the eidolon but do no damage.
The eidolon is lightly damaged.
The eidolon completely misses you. The eidolon closely misses you.
The eidolon hits you. The eidolon drains your vigour!
You feel as though you will be slow longer.
The eidolon hits you but does no damage.
You hit the eidolon.
You headbutt the eidolon, but do no damage.
The eidolon is lightly damaged.
The eidolon hits you! The eidolon drains your vigour!
You feel as though you will be slow longer.
The eidolon misses you.
You attempt to attack the eidolon, but flinch away in fear!
The eidolon completely misses you. The eidolon hits you!
* * * LOW HITPOINT WARNING * * *
The eidolon completely misses you.
The eidolon hits you but does no damage.
You hit the eidolon. You headbutt the eidolon.
The eidolon is moderately damaged.
The eidolon hits you!
* * * LOW HITPOINT WARNING * * *
The eidolon drains your vigour!
You feel as though you will be slow longer.
The eidolon hits you.
* * * LOW HITPOINT WARNING * * *
You feel clumsy. The eidolon hits you.
You die...

# .
##.
..##
#.###
#...##
#..4
#.W##
###@#
###


You could see an eidolon (scary) and a hellwing.

Vanquished Creatures
  Grinder (D:5)
  A wyvern (D:8)
  6 yaks (D:9)
  A steam dragon (D:9)
  2 orc warriors
  Duvessa (D:5)
  2 black bears
  An ice beast (D:7)
  A centaur (D:9)
  4 bullfrogs
  2 scorpions
  3 wights (D:7)
  Dowan (D:5)
  3 killer bees (D:7)
  3 howler monkeys
  3 gnoll boudas
  5 hounds
  4 jellies
  3 iguanas
  Ijyb (D:5)
  Terence (D:2)
  Natasha (D:3)
  5 orc wizards
  7 adders
  15 gnolls
  A shadow imp (D:6)
  A white imp (D:5)
  3 dart slugs
  12 orcs
  6 endoplasms
  2 giant cockroaches (D:3)
  10 goblins
  9 hobgoblins
  A jackal (D:1)
  6 kobolds
  5 quokkas
  10 ball pythons
  5 bats
  5 frilled lizards
  12 rats
165 creatures vanquished.

Vanquished Creatures (others)
  An orc priest (D:9)
1 creature vanquished.

Grand Total: 166 creatures vanquished

Notes
Turn   | Place    | Note
-------+----------+-------------------------------------------
     0 | D:1      | dialectric the Minotaur Wanderer began the quest for the
                  | Orb.
     0 | D:1      | dialectric set off with the following items: a +2 hand axe,
                  | a +0 short sword, a +0 buckler, a potion of curing, a +0
                  | leather armour.
     0 | D:1      | Reached XP level 1. HP: 16/16 MP: 0/0
   115 | D:1      | Reached skill level 4 in Axes
   115 | D:1      | Reached XP level 2. HP: 15/23 MP: 1/1
   187 | D:1      | Reached skill level 1 in Armour
   338 | D:1      | Reached skill level 1 in Dodging
   465 | D:1      | Reached XP level 3. HP: 27/28 MP: 2/2
   816 | D:2      | Noticed Terence
   824 | D:2      | Killed Terence
   825 | D:2      | Reached XP level 4. HP: 26/36 MP: 3/3
  1221 | D:2      | Found a faded altar of an unknown god.
  1245 | D:2      | Prayed at the altar of an unknown god.
  1245 | D:2      | Became a worshipper of Ignis, the Dying Flame
  1713 | D:3      | Reached skill level 5 in Axes
  1908 | D:3      | Found a runed translucent gate.
  1908 | D:3      | Found a runed translucent gate.
  1908 | D:3      | Found a runed translucent gate.
  1908 | D:3      | Noticed a kobold brigand
  1909 | D:3      | Noticed TheBioAlchemist's ghost (amateur GnHs)
  2198 | D:3      | Noticed Natasha
  2203 | D:3      | Killed Natasha
  2204 | D:3      | Reached XP level 5. HP: 38/41 MP: 4/4
  2544 | D:4      | Found a shadowy altar of Dithmenos.
  2544 | D:4      | Noticed a black bear
  2551 | D:4      | Killed a black bear
  2594 | D:4      | Reached XP level 6. HP: 25/50 MP: 5/5
  2740 | D:4      | Identified the +1 leather armour of Peek-a-Boo {rC+ rCorr
                  | Int-3 Stlth+}
  2915 | D:4      | Noticed Edmund
  2919 | D:4      | Found Torip's Weapon Emporium.
  2928 | D:5      | Entered Level 5 of the Dungeon
  2952 | D:5      | Reached skill level 6 in Axes
  3067 | D:5      | Noticed Dowan
  3068 | D:5      | Noticed Duvessa
  3071 | D:5      | Killed Dowan
  3079 | D:5      | Killed Duvessa
  3080 | D:5      | Reached XP level 7. HP: 35/57 MP: 6/6
  3330 | D:5      | Noticed Grinder
  3348 | D:5      | Killed Grinder
  3349 | D:5      | Reached skill level 7 in Axes
  3349 | D:5      | Reached skill level 5 in Armour
  3463 | D:5      | Noticed Ijyb
  3472 | D:5      | Killed Ijyb
  3767 | D:5      | Found a hazy altar of Hepliaklqana.
  3820 | D:5      | Found a staircase to the Ecumenical Temple.
  4060 | D:6      | Reached XP level 8. HP: 60/67 MP: 7/7
  4192 | D:6      | Reached skill level 5 in Fighting
  4244 | D:6      | Found Neido's Jewellery Boutique.
  4390 | D:6      | Reached skill level 8 in Axes
  4409 | D:6      | Identified the +1 robe of a Billion Gods {Slay+2}
  5072 | D:7      | Reached skill level 5 in Dodging
  5532 | D:7      | Reached XP level 9. HP: 39/78 MP: 8/8
  6027 | D:8      | Found a transporter.
  6031 | D:8      | Identified the +2 dagger of Defiance {flame, Drain Str+9
                  | Dex+4}
  6041 | D:8      | Reached skill level 9 in Axes
  6423 | D:8      | Noticed Joseph
  6456 | D:8      | Noticed a death yak
  6459 | D:8      | Noticed a death yak
  7065 | D:9      | Noticed Erolcha
  7075 | Abyss:2  | Cast into level 2 of the Abyss (Erolcha)
  7111 | Abyss:3  | Noticed an eidolon
  7115 | Abyss:3  | Noticed a hellwing
  7161 | Abyss:3  | HP: 3/82 [eidolon (2)]
  7161 | Abyss:3  | Slain by an eidolon

Illustrated notes

Levels and vault maps discovered:
D:1:      amcnicky_arrival_single_pillar, layout_basic, minmay_quantized
D:2:      layout_loops_corners, dreamdust_ecumenical_altar_grove,
          nrook_campfire, nrook_uturn, grunt_decor_cap, st_stairs_11,
          uniq_terence
D:3:      layout_basic, gammafunk_ghost_nasty_kobolds, uniq_natasha
D:4:      layout_loops_cross, mainiacjoe_overflow_cross_hatched, serial_shops,
          nicolae_diamond_shop, uniq_edmund
D:5:      layout_loops_ring, lemuel_tele_altar,
          minmay_temple_entry_from_below_a, kennysheep_decorative_pillar,
          uniq_ijyb, uniq_duvessa, uniq_grinder
D:6:      layout_rooms, serial_shops, nicolae_shop_tiny_waterfront,
          minmay_misc_feat_five
D:7:      layout_gridville, st_stairs_12
D:8:      layout_loops_cross, dpeg_lair_monsters, serial_nicolae_subway,
          nicolae_sub_station_metal, nicolae_sub_station_crystal,
          nicolae_sub_station_stone, uniq_joseph
D:9:      layout_roguey, uniq_erica, uniq_erolcha
Abyss:3:  base: D:3, evilmike_abyss_exit_chaos,
          evilmike_nicolae_abyss_rune_containment_curve, bh_abyss_negative,
          hangedman_classic_abyss_death, hangedman_classic_abyss_death

Skill      XL: |  1  2  3  4  5  6  7  8  9 |
---------------+----------------------------+-----
Axes           | 4 5 6 7 8 9 |  9.2
Armour         | 1 2 3 4 5 6 7 |  7.3
Dodging        | 1 2 3 6 8 |  8.9
Fighting       | 2 3 4 6 8 |  8.3
Short Blades   | |  2.4
Stealth        | |  1.0
Shields        | |  2.6
Evocations     | |  1.0

Action                     |  1- 3 |  4- 6 |  7- 9 || total
---------------------------+-------+-------+-------++-------
  Melee: Hand axe          |    77 |   126 |    80 ||   283
         Headbutt          |    10 |    23 |    69 ||   102
         Punch             |       |     1 |     4 ||     5
         Whip              |       |       |   180 ||   180
         Mace              |       |       |    27 ||    27
  Throw: Dart              |       |       |     1 ||     1
    Use: Scroll            |       |       |    12 ||    12
         Potion            |       |       |     3 ||     3
   Stab: Sleeping          |     3 |     1 |     5 ||     9
 Armour: Leather armour    |    19 |     2 |    18 ||    39
         Scale mail        |       |    40 |       ||    40
         Robe              |       |       |    14 ||    14
  Dodge: Dodged            |    43 |    88 |   313 ||   444
